 Dungeon Crawl Stone Soup version 0.30-a0-187-gd9c2deaf24 (webtiles) character file.

Game seed: 6710774164996983303

318 porpoise the Poker (level 6, -10/48 HPs)
             Began as a Demonspawn Gladiator on Oct 4, 2022.
             Was an Initiate of Yredelemnul.
             Mangled by an ogre
             ... wielding a +0 giant club
              (18 damage)
             ... on level 4 of the Dungeon.
             The game lasted 00:09:18 (2903 turns).

porpoise the Poker (Demonspawn Gladiator)           Turns: 2903, Time: 00:09:18

Health: -10/48     AC: 10    Str: 22    XL:     6   Next: 21%
Magic:  7/7        EV: 12    Int:  9    God:    Yredelemnul [......]
Gold:   292        SH:  0    Dex: 15    Spells: 4/5 levels left

rFire   + . .      SeeInvis .    a - +0 trident
rCold   + . .      Faith    .    (no shield)
rNeg    . . .      Spirit   .    f - +0 ring mail
rPois   .          Reflect  .    c - +0 helmet
rElec   .          Harm     .    n - scarf {rC+ rF+}
rCorr   .          Rampage  .    s - +1 pair of gloves
Will    .....                    (no boots)
Stlth   +.........               j - amulet of regeneration
HPRegen 1.08/turn                i - +6 ring of strength
MPRegen 0.10/turn                (no ring)

@: no status effects
A: slimy green scales 1, demonic magic 2
a: Renounce Religion, Recall Undead Harvest


You were on level 4 of the Dungeon.
You worshipped Yredelemnul.
Yredelemnul was noncommittal.
You visited 1 branch of the dungeon, and saw 4 of its levels.

You collected 292 gold pieces.

Inventory:

Hand Weapons
 a - a +0 trident (weapon)
Missiles
 d - 3 throwing nets (quivered)
 e - a javelin
Armour
 c - a +0 helmet (worn)
 f - a +0 ring mail (worn)
 n - a scarf of resistance (worn)
 o - a +0 cloak
 s - a +1 pair of gloves (worn)
 v - an orb of mayhem
Jewellery
 i - a +6 ring of strength (left hand)
 j - an amulet of regeneration (around neck)
Wands
 p - a wand of paralysis (6)
Scrolls
 g - 2 scrolls of blinking
 h - 2 scrolls of identify
 k - 3 scrolls of poison
 r - a scroll of enchant weapon {unknown}
Potions
 b - 2 potions of mutation
 l - 3 potions of curing
 m - a potion of cancellation
 q - a potion of attraction {unknown}
 t - a potion of flight
 u - 3 potions of heal wounds {unknown}


   Skills:
 * Level 4.2 Fighting
 * Level 4.9 Polearms
 - Level 1.8 Throwing
 - Level 2.7 Dodging
 + Level 2.3 Invocations


You had 4 spell levels left.
You knew the following spells:

 Your Spells              Type           Power      Damage    Failure   Level
a - Necrotise             Necr           0%         1d4       54%         1

Your spell library contained the following spells:

 Spells                   Type           Power      Damage    Failure   Level
 Apportation              Tloc           0%         N/A       54%         1
 Sandblast                Erth           0%         2d4       54%         1
 Summon Small Mammal      Summ           0%         N/A       54%         1
 Passwall                 Tmut/Erth      0%         N/A       69%         2
 Ozocubu's Armour         Ice            0%         N/A       89%         3
 Stone Arrow              Conj/Erth      0%         3d7       89%         3
 Metabolic Englaciation   Hex/Ice        0%         N/A       100%        5
 Simulacrum               Ice/Necr       Unusable   N/A       N/A         6

Dungeon Overview and Level Annotations

Branches:
Dungeon (4/15)             Temple (0/1) D:4

Altars:
Nemelex Xobeh
Trog
Xom
Yredelemnul

Annotations:
D:2 dig


Innate Abilities, Weirdness & Mutations

You are partially covered in slimy green scales. (AC +2)
Spells you cast may paralyse nearby enemies.


Message History

Unknown command.
There is an open door here.
You open the door.
There is an open door here.
You swap places.
There is an open door here.
You swap places.
You swap places.
You open the door.
There is an open door here.
You open the door.
An ogre comes into view. It is wielding a +0 giant club.
Search for what [Enter for "glov", or ? for help]? boot Can't find anything matching that.
Unknown command.
There is an open door here.
You hit the ogre.
The ogre is lightly wounded.
The ogre hits you with a +0 giant club!
You can no longer trade souls for undead servants.
You barely miss the ogre.
The ogre is lightly wounded.
You hit the ogre.
The ogre is moderately wounded.
The ogre hits you with a +0 giant club!
You completely miss the ogre.
The ogre is moderately wounded.
The ogre barely misses you.
You puncture the ogre!
The ogre is heavily wounded.
You hit the ogre.
The ogre is severely wounded.
The ogre hits you with a +0 giant club!!
Ouch! That really hurt!
* * * LOW HITPOINT WARNING * * *
You puncture the ogre!
The ogre is almost dead.
The ogre hits you with a +0 giant club!!
You die...
Your body rises from the dead as a mindless zombie.

Z.ZZ....+...'.#.......#
...
###.#Z.######.#+#...#'#
## #
###.....#.....#...#...
# #.#...'...[Z##+##
.... .#
###...#...ZZ#...# ....
...#
#....###.#Z#...#'#.##
##..........+.#Z.Z....#
..........#####ZZ.###
.............O@Z..+
..............##### #
#........##... #....
#.... ...... .......
.......


You could see an ogre (ally target), 2 friendly adder zombies and 2 friendly orc
zombies.

Vanquished Creatures
  A hound (D:4)
  Terence (D:2)
  2 orc wizards
  3 adders
  2 worms
  3 dart slugs
  6 orcs
  5 ball pythons
  6 bats
  4 endoplasms
  3 giant cockroaches
  4 goblins
  6 hobgoblins
  4 jackals (D:3)
  4 quokkas
  A frilled lizard (D:3)
  5 kobolds
  An orc zombie (D:3)
  8 rats
69 creatures vanquished.

Vanquished Creatures (collateral kills)
  A black bear (D:4)
  3 orcs (D:4)
  A kobold (D:4)
5 creatures vanquished.

Vanquished Creatures (others)
  2 orc zombies (D:4)
2 creatures vanquished.

Grand Total: 76 creatures vanquished

Notes
Turn   | Place    | Note
-------+----------+-------------------------------------------
     0 | D:1      | porpoise the Demonspawn Gladiator began the quest for the
                  | Orb.
     0 | D:1      | Reached XP level 1. HP: 16/16 MP: 1/1
   296 | D:1      | Gained mutation: Spells you cast may paralyse adjacent
                  | enemies. [demonic ancestry]
   296 | D:1      | Reached XP level 2. HP: 22/22 MP: 2/2
   898 | D:2      | Noticed Terence
   920 | D:2      | Killed Terence
   921 | D:2      | Reached XP level 3. HP: 6/28 MP: 3/3
   951 | D:2      | Found a bloodstained altar of Trog.
  1277 | D:2      | Gained mutation: You are partially covered in slimy green
                  | scales. (AC +2) [demonic ancestry]
  1277 | D:2      | Reached XP level 4. HP: 34/34 MP: 4/4
  1440 | D:2      | Found a faded altar of an unknown god.
  1873 | D:3      | Found a shimmering altar of Xom.
  1878 | D:3      | Found a sparkling altar of Nemelex Xobeh.
  1881 | D:3      | Found a basalt altar of Yredelemnul.
  1901 | D:3      | Became a worshipper of Yredelemnul the Dark
  2516 | D:4      | Noticed a black bear
  2529 | D:4      | Killed a black bear
  2530 | D:4      | Reached skill level 1 in Invocations
  2530 | D:4      | Reached XP level 5. HP: 21/42 MP: 4/6
  2692 | D:4      | Gained mutation: Spells you cast may paralyse nearby
                  | enemies. [demonic ancestry]
  2692 | D:4      | Reached XP level 6. HP: 48/48 MP: 7/7
  2694 | D:4      | Learned a level 1 spell: Necrotise
  2724 | D:4      | Reached * piety under Yredelemnul
  2749 | D:4      | Found a staircase to the Ecumenical Temple.
  2831 | D:4      | Reached ** piety under Yredelemnul
  2903 | D:4      | Mangled by an ogre

Illustrated notes

Levels and vault maps discovered:
D:1:      matt_arrival_refuge, layout_loops_ring, minmay_misc_feat_enclosed,
          st_stairs_6, chequers_serial_rivers_micro_d
D:2:      layout_rooms, basic_altar, chequers_ecumenical_altar_simple,
          due_unseen_surprise, uniq_terence
D:3:      layout_loops_ring, grunt_temple_overflow_open
D:4:      nicolae_cairo_tiling_large, layout_cave_pools,
          minmay_temple_entry_purple_smoke

Skill      XL: |  1  2  3  4  5 |
---------------+----------------+-----
Polearms       | 3 4 |  4.9
Fighting       | 3 4 |  4.2
Invocations    | 1 2 |  2.3
Throwing       | |  1.8
Dodging        | |  2.7

Action                   |  1- 3 |  4- 6 || total
-------------------------+-------+-------++-------
Melee: Trident           |    95 |   169 ||   264
       Punch             |     1 |     3 ||     4
  Use: Potion            |     1 |       ||     1
       Scroll            |       |     7 ||     7
 Stab: Distracted        |       |     1 ||     1
Armor: Ring mail         |    18 |    76 ||    94
       Leather armour    |     2 |       ||     2
Dodge: Dodged            |    41 |    90 ||   131

Table legend: (Time is in decaauts)
 A = Elapsed time spent in this place.
 B = Non-inter-level travel time spent in this place.
 C = Inter-level travel time spent in this place.
 D = Time resting spent in this place.
 E = Time spent auto-exploring this place.
 F = Levels seen in this place.
 G = Mean time per level.
                   A        B        C        D        E       F      G
               +--------+--------+--------+--------+--------+-----+--------+
         Total |   2970 |   2881 |     89 |    682 |   1623 |   4 |  742.5 |
       Dungeon |   2970 |   2881 |     89 |    682 |   1623 |   4 |  742.5 |
               +--------+--------+--------+--------+--------+-----+--------+

Top non-repeatable levels by time:
     D:3: 934 daAuts
     D:1: 903 daAuts
     D:2: 668 daAuts
     D:4: 465 daAuts
